 Dungeon Crawl Stone Soup version 0.32-a0-422-g28b100f (webtiles) character file.

Game seed: 685040550403925639

78300 Nithhogg the End of an Era (level 15, -1/139 HPs)
             Began as a Mountain Dwarf Fighter on Feb 20, 2024.
             Was the Champion of Qazlal.
             Constricted to death by a shambling mangrove (13 damage)
             ... on level 2 of the Swamp on Feb 21, 2024.
             The game lasted 00:48:37 (22520 turns).

Nithhogg the End of an Era (MDFi)                  Turns: 22520, Time: 00:48:37

Health: -1/139     AC: 22    Str: 33    XL:     15   Next: 17%
Magic:  27/27      EV:  7    Int: 13    God:    Qazlal [******]
Gold:   2142       SH:  0    Dex:  9    Spells: 14/14 levels left

rFire   . . .        g - +3 war axe (elec)
rCold   . . .        w - +5 kite shield of Twilight {rN+}
rNeg    + . .        N - +4 chain mail of Daisies {Int+5 Slay+5}
rPois   .            (no helmet)
rElec   .            y - +1 cloak
rCorr   .            (no gloves)
SInv    .            L - +2 pair of boots
Will    ++...        f - amulet of the acrobat Stlth
                     R - ring of willpower
HPRegen 0.43/turn    a - +6 ring of strength
MPRegen 0.20/turn

%: repel missiles, acrobat
@: confused, ambrosia-drunk, grasped by roots, protected from physical damage,
corroded, constricted, very slow
A: runic magic, artefact enchanting
a: Renounce Religion, Upheaval, Elemental Force, Disaster Area


You were on level 2 of the Swamp.
You worshipped Qazlal.
Qazlal was exalted by your worship.
You visited 5 branches of the dungeon, and saw 22 of its levels.
You also visited: Volcano.

You collected 2337 gold pieces.
You spent 195 gold pieces at shops.

Inventory:

Hand Weapons
 d - a +0 hand axe of flaming
 g - a +3 war axe of electrocution (weapon)
 J - a +5 halberd
Missiles
 j - 7 curare-tipped darts
 r - 2 javelins
 H - 5 throwing nets
 U - 5 atropa-tipped darts
 W - 11 poisoned darts (quivered)
Armour
 t - a scarf of resistance
 w - the +5 kite shield of Twilight (worn) {rN+}
   (You found it on level 2 of the Dungeon)

   rN+:       It protects you from negative energy.
 y - a +1 cloak (worn)
 z - +0 steam dragon scales
 L - a +2 pair of boots (worn)
 N - the +4 chain mail of Daisies (worn) {Int+5 Slay+5}
   (You took it off an orc on level 7 of the Dungeon)

   Int+5:     It affects your intelligence (+5).
   Slay+5:    It affects your accuracy & damage with ranged weapons and melee
   (+5).
 Y - a +0 pair of boots of rampaging
Jewellery
 a - a +6 ring of strength (right hand)
 f - an amulet of the acrobat (around neck)
 p - an amulet of regeneration
 R - a ring of willpower (left hand)
 S - a +4 ring of protection
 T - a ring of protection from fire
 V - a ring of willpower
Wands
 u - a wand of polymorph (10)
 F - a wand of flame (68)
 O - a wand of paralysis (27)
 Q - a wand of iceblast (16)
 X - a wand of acid (12)
Scrolls
 b - 8 scrolls of identify
 e - 2 scrolls of teleportation
 h - 4 scrolls of brand weapon
 i - 2 scrolls of enchant weapon
 k - 5 scrolls of enchant armour
 q - a scroll of revelation
 x - 6 scrolls of amnesia
 C - 3 scrolls of vulnerability
 D - a scroll of fear
 G - a scroll of poison
 M - 2 scrolls of torment
 P - 2 scrolls of silence
Potions
 l - a potion of ambrosia
 m - 2 potions of resistance
 n - 2 potions of might
 o - 3 potions of curing
 s - 5 potions of cancellation
 v - 7 potions of mutation
 A - 4 potions of brilliance
 B - a potion of attraction {unknown}
 E - a potion of magic
 I - 3 potions of lignification
 K - a potion of enlightenment


   Skills:
 + Level 14.7 Fighting
 + Level 15.7 Axes
 + Level 14.6 Armour
 - Level 4.0 Dodging
 + Level 8.1 Shields
 + Level 16.7 Invocations


You had 14 spell levels left.
You didn't know any spells.
Your spell library contained the following spells:

 Spells                   Type           Power      Damage    Failure   Level
 Kiss of Death            Conj/Necr      0%         2d5       52%         1
 Magic Dart               Conj           0%         1d3       52%         1
 Sandblast                Erth           0%         2d4       52%         1
 Shock                    Conj/Air       0%         1d3       52%         1
 Ensorcelled Hibernation  Hex/Ice        0%         N/A       67%         2
 Lesser Beckoning         Tloc           0%         N/A       67%         2
 Scorch                   Fire           0%         2d5       67%         2
 Call Canine Familiar     Summ           0%         N/A       88%         3
 Confusing Touch          Hex            0%         N/A       88%         3
 Dazzling Flash           Conj/Hex       0%         N/A       88%         3
 Frozen Ramparts          Ice            0%         1d1       88%         3
 Gell's Gravitas          Tloc           0%         N/A       88%         3
 Inner Flame              Hex/Fire       0%         N/A       88%         3
 Mephitic Cloud           Conj/Alch/Air  0%         N/A       88%         3
 Passwall                 Erth           0%         N/A       88%         3
 Sigil of Binding         Hex            0%         N/A       88%         3
 Stone Arrow              Conj/Erth      0%         3d7       88%         3
 Swiftness                Air            0%         N/A       88%         3
 Teleport Other           Tloc           0%         N/A       88%         3
 Tukima's Dance           Hex            0%         N/A       88%         3
 Volatile Blastmotes      Fire/Tloc      0%         2d10      88%         3
 Airstrike                Air            0%         2d(0-16)  99%         4
 Anguish                  Hex/Necr       0%         N/A       99%         4
 Brom's Barrelling Bould  Conj/Erth      0%         2d3       99%         4
 Dimensional Bullseye     Hex/Tloc       0%         N/A       99%         4
 Dispel Undead            Necr           0%         3d6       99%         4
 Flame Wave               Conj/Fire      0%         2d4       99%         4
 Fulminant Prism          Conj/Alch      0%         3d5       99%         4
 Iskenderun's Mystic Bla  Conj/Tloc      0%         2d3       99%         4
 Leda's Liquefaction      Alch/Erth      0%         N/A       99%         4
 Passage of Golubria      Tloc           0%         N/A       99%         4
 Petrify                  Alch/Erth      0%         N/A       99%         4
 Curse of Agony           Necr           0%         N/A       100%        5
 Irradiate                Conj/Alch      0%         3d11      100%        5
 Metabolic Englaciation   Hex/Ice        0%         N/A       100%        5
 Silence                  Hex/Air        0%         N/A       100%        5
 Yara's Violent Unravell  Hex/Alch       0%         3d3       100%        5
 Plasma Beam              Fire/Air       0%         2x1d10    100%        6
 Summon Cactus Giant      Summ           0%         N/A       100%        6
 Ignition                 Fire           0%         3d3       100%        8
 Summon Horrible Things   Summ           0%         N/A       100%        8


Dungeon Overview and Level Annotations

Branches:
Dungeon (12/15)            Temple (1/1) D:5            Lair (5/5) D:8
  Swamp (2/4) Lair:3       Spider (0/4) Lair:2        Slime (0/5) Lair:5
    Orc (2/2) D:9             Elf (0/3) Orc:2       Volcano (visited)

Altars:
Ashenzari
Cheibriados
Dithmenos
Elyvilon
Fedhas
Gozag
Hepliaklqana
Kikubaaqudgha
Makhleb
Nemelex Xobeh
Okawaru
Qazlal
Ru
Sif Muna
Trog
Uskayaw
Vehumet
Wu Jian
Xom
Yredelemnul
Zin
The Shining One
Jiyva

Shops:
Orc:1 :[   Orc:2 (*:[

Annotations:
D:7 2 transporters, CumLord's ghost, novice FoFi
D:8 3 runed translucent doors, yakattack's ghost, novice KoEE
Lair:2 1 runed translucent door, Uclasos's ghost, journeyman DsSu
Lair:5 2 transporters, aor's ghost, journeyman CoGl


Innate Abilities, Weirdness & Mutations

Your spellcasting is much less encumbered by armour.
You can use scrolls of enchantment on lesser artefacts.


Message History

The shambling mangrove is moderately damaged.
You hit the spriggan rider.
The spriggan rider hits you with a +0 spear!
You feel more protected from physical attacks.
The shambling mangrove hits you!!
You feel more protected from physical attacks.
The grasping roots constrict you.
You are too injured to fight recklessly!
Your unstable footing causes you to fumble your attack.
You block the spriggan rider's attack.
You slash the spriggan rider!
The spriggan rider is moderately wounded.
You slash the shambling mangrove!
The shambling mangrove barely misses you.
The grasping roots constrict you!!
* * * LOW HITPOINT WARNING * * *
The spriggan rider hits you with a +0 spear!
* * * LOW HITPOINT WARNING * * *
Okay, then.
Okay, then.
You feel much better. The goliath frog hits you from afar!!
* * * LOW HITPOINT WARNING * * *
The acid corrodes you!
You are splashed with acid!
* * * LOW HITPOINT WARNING * * *
You block the spriggan rider's attack.
You block the shambling mangrove's attack.
The grasping roots constrict you.
* * * LOW HITPOINT WARNING * * *
You escape the roots' grasp.
The spriggan rider completely misses you.
Roots burst forth from the earth!
The grasping roots grab you! The grasping roots constrict you.
The spriggan rider hits you from afar with a +0 spear!
* * * LOW HITPOINT WARNING * * *
Okay, then.
Okay, then.
You are confused.
You feel invigorated. The grasping roots constrict you!
You die...

.§~~~.~.~~~~§♣♣ ..~~~
♣.~~~~~~♣ ♣♣ ..
..:...♣.§~~..♣ ♣♣♣~ ..~
~.~♣♣.~~~.~♣ ♣... .~~
♣."♣.~~~.§♣ ♣.~~
♣♣~♣♣♣!..♣~~~.†♣♣♣♣♣♣♣~~
♣....○☼..§..[..~♣♣~♣♣§..
♣~~§~~§§~~~...........
♣♣♣♣.~~f@~§~~~..~........
♣.~..F.~~~~~~~~...~~.§~~~
.....°i°○.♣♣........~§~~~
.~♣..~♣...♣♣♣♣..~...~~~~~
♣~§~♣♣♣♣♣ ♣♣...>♣.~§~~~
♣~~ ~...~§..~~~~. ♣~..
~..~♣♣~.~~..§ .~ ~.♣♣
♣~.~♣♣♣.~§.♣♣ .~~~. ~
♣.....♣§~~.♣


You could see a shambling mangrove, a spriggan rider and a goliath frog.

Vanquished Creatures
  An orc warlord (Orc:2)
  4 eleionomae
  A red draconian (Volcano)
  5 bunyips (Swamp:1)
  A shambling mangrove (Swamp:1)
  Harold (Lair:2)
  8 hydras
  3 alligators (Swamp:1)
  2 two-headed ogres
  A boulder beetle (D:12)
  3 orc high priests (Orc:2)
  Sonja (Lair:4)
  3 goliath frogs
  A salamander mystic (Volcano)
  A deep troll (Lair:2)
  A spriggan druid (Swamp:1)
  A lindwurm (Orc:1)
  2 swamp dragons (Swamp:2)
  5 orc knights
  7 orc sorcerers
  3 kobold blastminers
  10 elephants
  A cyclops (D:11)
  4 salamanders (Volcano)
  3 black mambas
  Joseph (D:7)
  2 torpor snails (Lair:3)
  19 cane toads
  2 molten gargoyles (Volcano)
  2 gargoyles
  Maggie (D:6)
  3 rime drakes
  An eye of devastation (Lair:5)
  2 kobold demonologists
  5 komodo dragons
  8 trolls
  8 tyrant leeches
  A polar bear (Lair:5)
  3 hornets
  A glass eye (Lair:5)
  6 dream sheep (Lair:4)
  23 blink frogs
  3 wraiths
  6 spriggans
  5 basilisks
  35 yaks
  6 wyverns
  4 fire bats (Volcano)
  7 wargs
  A steam dragon (D:7)
  16 vampire mosquitoes
  Menkaure (D:6)
  An acid dragon (D:10)
  6 swamp worms
  12 water moccasins
  2 black bears (Lair:1)
  16 orc warriors
  4 ogres
  8 wolves
  A phantom (D:5)
  Blork the orc (D:6)
  2 kobold brigands
  17 bullfrogs
  4 gnoll sergeants
  5 scorpions
  11 wights
  3 howler monkeys
  4 electric eels
  A bombardier beetle (D:5)
  2 hounds
  5 lava snakes (Volcano)
  23 orc priests
  A gnoll bouda (D:5)
  2 jellies
  4 iguanas
  Jessica (D:2)
  2 sleepcaps
  19 orc wizards
  Terence (D:2)
  20 gnolls
  6 adders
  2 white imps
  2 ufetubi (D:7)
  A dart slug (D:2)
  A ribbon worm (D:4)
  47 orcs
  11 ball pythons
  8 bats
  12 endoplasms
  6 giant cockroaches
  6 goblins
  4 hobgoblins
  4 jackals (D:5)
  9 kobolds
  8 quokkas
  4 frilled lizards
  3 rats
557 creatures vanquished.

Vanquished Creatures (others)
  Psyche (D:11)
  A bloated husk (Swamp:1)
2 creatures vanquished.

Grand Total: 559 creatures vanquished

Notes
Turn   | Place    | Note
-------+----------+-------------------------------------------
     0 | D:1      | Nithhogg the Mountain Dwarf Fighter began the quest for the
                  | Orb.
     0 | D:1      | Reached XP level 1. HP: 19/19 MP: 1/1
    83 | D:1      | Reached XP level 2. HP: 26/26 MP: 2/2
   112 | D:1      | Reached skill level 1 in Invocations
   290 | D:1      | Reached XP level 3. HP: 31/31 MP: 2/4
   329 | D:1      | Got the Omnibus of the Coruscating Entourage
   740 | D:2      | Noticed Jessica
   747 | D:2      | Killed Jessica
   748 | D:2      | Reached skill level 1 in Dodging
   751 | D:2      | Reached skill level 2 in Invocations
   751 | D:2      | Reached XP level 4. HP: 37/40 MP: 5/5
   755 | D:2      | Noticed Terence
   766 | D:2      | Killed Terence
  1169 | D:2      | Reached XP level 5. HP: 46/46 MP: 6/6
  1445 | D:2      | Identified the +5 kite shield of Twilight {rN+}
  1722 | D:3      | Reached skill level 3 in Invocations
  2100 | D:3      | Reached XP level 6. HP: 30/53 MP: 8/8
  2344 | D:4      | You fall into a shaft and drop 2 floors!
  2351 | D:5      | Entered Level 5 of the Dungeon
  2361 | D:6      | Found a white marble altar of Elyvilon.
  2556 | D:6      | Noticed Blork the orc
  2564 | D:6      | Killed Blork the orc
  2565 | D:6      | Reached skill level 4 in Invocations
  2565 | D:6      | Reached XP level 7. HP: 24/60 MP: 8/10
  2686 | D:6      | Noticed Maggie
  2711 | D:6      | Killed Maggie
  2712 | D:6      | Reached skill level 5 in Fighting
  2712 | D:6      | Reached skill level 5 in Axes
  2712 | D:6      | Reached skill level 5 in Armour
  2899 | D:6      | Noticed Menkaure
  2902 | D:6      | Noticed a hornet
  2905 | D:6      | Killed a hornet
  2906 | D:6      | Reached skill level 5 in Invocations
  2914 | D:6      | Killed Menkaure
  2915 | D:6      | Reached XP level 8. HP: 31/69 MP: 11/11
  3686 | D:4      | Found an ornate altar of the Wu Jian Council.
  4365 | D:5      | Reached skill level 6 in Invocations
  4506 | D:5      | Found a staircase to the Ecumenical Temple.
  4542 | Temple   | Entered the Ecumenical Temple
  5049 | D:7      | Noticed Joseph
  5113 | D:7      | Reached XP level 9. HP: 76/78 MP: 12/14
  5241 | D:7      | Killed Joseph
  5242 | D:7      | Reached skill level 7 in Invocations
  5286 | D:7      | Identified the +3 long sword of the New World {flame,
                  | Str+8}
  5286 | D:7      | Identified the +4 chain mail of Daisies {Int+5 Slay+5}
  5415 | D:7      | Noticed a moth of wrath
  5420 | D:7      | Found a bloodstained altar of Trog.
  5636 | D:7      | Found a transporter.
  5636 | D:7      | Found a transporter.
  5653 | D:7      | Noticed CumLord's ghost (novice FoFi)
  5767 | D:8      | Found a sacrificial altar of Ru.
  5796 | D:8      | Found a runed translucent gate.
  5797 | D:8      | Noticed an 11-headed hydra
  5798 | D:8      | Found a runed translucent gate.
  5798 | D:8      | Noticed yakattack's ghost (novice KoEE)
  5799 | D:8      | Found a runed translucent gate.
  5832 | D:8      | Found a stormy altar of Qazlal.
  5870 | D:8      | Reached skill level 8 in Invocations
  5893 | D:8      | Reached XP level 10. HP: 65/88 MP: 16/16
  5909 | D:8      | Became a worshipper of Qazlal Stormbringer
  5970 | D:8      | Found a staircase to the Lair.
  6117 | D:8      | Found a broken altar of Ashenzari.
  6395 | D:8      | Reached skill level 9 in Invocations
  6621 | D:8      | Found an opulent altar of Gozag.
  6621 | D:8      | Found a radiant altar of Vehumet.
  6760 | D:9      | Found a staircase to the Orcish Mines.
  6821 | D:9      | Noticed a gargoyle
  7042 | Lair:1   | Entered Level 1 of the Lair of Beasts
  7414 | D:9      | Reached * piety under Qazlal
  7450 | D:9      | Paralysed by a hornet for 1 turns
  7689 | D:9      | Reached skill level 10 in Invocations
  7904 | D:9      | Killed a gargoyle
  7905 | D:9      | Reached skill level 10 in Axes
  7905 | D:9      | Reached XP level 11. HP: 49/97 MP: 18/18
  8291 | D:10     | Entered Level 10 of the Dungeon
  8306 | D:10     | Found a basalt altar of Yredelemnul.
  8671 | D:10     | Found a bloodstained altar of Trog.
  9092 | D:11     | Reached ** piety under Qazlal
  9137 | D:11     | Noticed a two-headed ogre
  9154 | D:11     | Killed a two-headed ogre
  9155 | D:11     | Reached skill level 10 in Fighting
  9155 | D:11     | Reached skill level 10 in Armour
  9155 | D:11     | Reached skill level 11 in Invocations
  9707 | D:11     | Noticed Psyche
  9715 | D:11     | Killed Psyche
 10331 | D:12     | Noticed a boulder beetle
 10339 | D:12     | Killed a boulder beetle
 10615 | D:12     | Reached skill level 12 in Invocations
 10740 | D:12     | Noticed a two-headed ogre
 10747 | D:12     | Killed a two-headed ogre
 10875 | D:12     | Found a burning altar of Makhleb.
 11155 | Orc:1    | Entered Level 1 of the Orcish Mines
 11155 | Orc:1    | Noticed an orc sorcerer
 11161 | Orc:1    | Killed an orc sorcerer
 11162 | Orc:1    | Reached XP level 12. HP: 108/110 MP: 21/21
 11186 | Orc:1    | Found Ukhicw's Armour Boutique.
 11199 | Orc:1    | Reached *** piety under Qazlal
 11204 | Orc:1    | Found Bade's Book Emporium.
 11392 | Orc:2    | Entered Level 2 of the Orcish Mines
 11444 | Orc:1    | Found a dark tunnel.
 11486 | Volcano  | Entered a volcano
 11732 | Volcano  | Found a radiant altar of Vehumet.
 11792 | Volcano  | Noticed a red draconian
 11810 | Volcano  | Killed a red draconian
 11811 | Volcano  | Reached skill level 13 in Invocations
 11862 | Volcano  | HP: 4/111 [salamander/+1 great sword of flaming (3)]
 12326 | Orc:2    | Noticed an orc warlord
 12377 | Orc:2    | Found a staircase to the Elven Halls.
 12383 | Orc:2    | Noticed an orc high priest
 12383 | Orc:2    | Noticed an orc high priest
 12384 | Orc:2    | HP: 3/112 [orc high priest/divine providence (17)]
 12386 | Orc:2    | Paralysed by an orc sorcerer for 2 turns
 12849 | Orc:2    | Killed an orc warlord
 12877 | Orc:2    | Killed an orc high priest
 13158 | Orc:2    | Noticed an orc high priest
 13166 | Orc:2    | Killed an orc high priest
 13167 | Orc:2    | Reached XP level 13. HP: 112/119 MP: 23/23
 13169 | Orc:2    | Reached skill level 14 in Invocations
 13519 | Orc:2    | Reached **** piety under Qazlal
 14126 | Orc:2    | Found Dovocitu's Weapon Emporium.
 14131 | Orc:2    | Found Meijutif's Book Boutique.
 14138 | Orc:2    | Found Eniaw's Armour Boutique.
 14140 | Orc:2    | Found Peesuyphar's General Store.
 14149 | Orc:2    | Bought a potion of heal wounds for 75 gold pieces
 14149 | Orc:2    | Bought a potion of ambrosia for 120 gold pieces
 15423 | Lair:2   | Found a hole to the Spider Nest.
 15441 | Lair:2   | Noticed Harold
 15454 | Lair:2   | Killed Harold
 15735 | Lair:2   | Found a runed translucent door.
 15736 | Lair:2   | Identified the +0 trident "Nixiahuk" {flame, rC+ rCorr
                  | Stlth+}
 15742 | Lair:2   | Noticed Uclasos's ghost (journeyman DsSu)
 16059 | Lair:2   | Reached skill level 15 in Invocations
 16789 | Lair:3   | Reached ***** piety under Qazlal
 17154 | Lair:3   | Reached skill level 5 in Shields
 17269 | Lair:3   | Found a staircase to the Swamp.
 17489 | Lair:3   | Reached XP level 14. HP: 124/129 MP: 25/25
 18709 | Lair:4   | Noticed Sonja
 18725 | Lair:4   | Killed Sonja
 19343 | Lair:5   | Entered Level 5 of the Lair of Beasts
 19629 | Lair:5   | Reached skill level 15 in Axes
 19634 | Lair:5   | Identified the +7 long sword of Valour {freeze, rPois rF+
                  | Int+3 Dex+2}
 19756 | Lair:5   | Reached skill level 16 in Invocations
 19814 | Lair:5   | Got the Almanac of the Summer and the Graveyard
 19831 | Lair:5   | Found a transporter.
 19835 | Lair:5   | Noticed aor's ghost (journeyman CoGl)
 19837 | Lair:5   | Found a transporter.
 20176 | Lair:5   | Found a viscous altar of Jiyva.
 20202 | Lair:5   | Found a staircase to the Slime Pits.
 20807 | Swamp:1  | Entered Level 1 of the Swamp
 20860 | Swamp:1  | Upgraded the game from 0.32-a0-411-g744942f to
                  | 0.32-a0-418-g34023cf
 21604 | Swamp:1  | Reached ****** piety under Qazlal
 22103 | Swamp:1  | Reached XP level 15. HP: 92/139 MP: 27/27
 22104 | Swamp:1  | Upgraded the game from 0.32-a0-418-g34023cf to
                  | 0.32-a0-422-g28b100f
 22520 | Swamp:2  | Constricted to death by a shambling mangrove

Illustrated notes

Levels and vault maps discovered:
D:1:      scummos_arrival_simple_crosswalls, layout_loops_cross
D:2:      layout_loops_cross, minmay_octomino_j4, uniq_jessica, uniq_terence
D:3:      layout_loops_ring, moated_statue
D:4:      layout_rooms, nzn_wu_jian_council_hall
D:5:      layout_rooms, minmay_temple_entry_mini_moons, minmay_misc_feat_tower,
          grunt_tough_drop
D:6:      layout_rooms, elyvilon_altar_3, uniq_menkaure, uniq_maggie,
          uniq_blork_the_orc
D:7:      layout_cave_pools, gammafunk_ghost_wrathful_warriors, dk_vineyard_3,
          uniq_joseph
D:8:      layout_basic, lemuel_tele_altar, marbit_many_paths,
          lemuel_doored_altar, gammafunk_temple_overflow_elements,
          minmay_lair_entry_grove, gammafunk_ghost_hydra_chop
D:9:      layout_basic, orc_0_dummy, minmay_misc_feat_alley,
          serial_library_regret_index_double_sided
D:10:     layout_irregular_city, mainiacjoe_overflow_small_starburst,
          yredelemnul_altar_generic
D:11:     layout_cave_pods, uniq_psyche
D:12:     layout_gridville, makhleb_altar_promises_db
Temple:   nicolae_temple_god_jail
Lair:1:   layout_regular_city, gammafunk_lair_bear_cave, serial_bayou_shore_a
Lair:2:   dreamdust_cave_troll, layout_regular_city,
          spider_nest_entry_web_field, ebering_ghost_funeral_grove,
          hangedman_lair_unloving_vines, infiniplex_staircase_pool_2,
          uniq_harold
Lair:3:   layout_cave_pods, swamp_mist_pool, grunt_megastairs_1
Lair:4:   layout_cave_pods, grunt_forest_stairs_basic, uniq_sonja
Lair:5:   minmay_lair_end_frog_pond, layout_layer_cave, minmay_slime_entry_eyes,
          gammafunk_ghost_arena
Swamp:1:  nicolae_swamp_secret_spriggan_hideout, layout_falls_marsh,
          nicolae_swamp_stuck_in_the_mud
Swamp:2:  layout_basic_swamp, hangedman_swamp_lotus
Orc:1:    layout_diamond_mine, nicolae_volcano_entry_vermiform, serial_shops,
          nicolae_shop_stone, shop
Orc:2:    st_orc_elflike, layout_caves, mines5_lemuel

Skill      XL: |  1  2  3  4  5  6  7  8  9 10 11 12 13 14 15 |
---------------+----------------------------------------------+-----
Invocations    | 1 2 3 4 5 6 8 10 12 13 15 16 | 16.7
Axes           | 3 4 5 6 8 10 11 13 14 15 | 15.7
Dodging        | 1 2 3 4 |  4.0
Fighting       | 4 5 6 8 9 11 12 13 14 | 14.7
Armour         | 4 5 6 8 9 10 12 13 14 | 14.6
Shields        | 5 7 8 |  8.1

Action                     |  1- 3 |  4- 6 |  7- 9 | 10-12 | 13-15 || total
---------------------------+-------+-------+-------+-------+-------++-------
  Melee: War axe           |    68 |   116 |   260 |   441 |   622 ||  1507
         Hand axe          |       |       |       |       |    75 ||    75
  Throw: Dart              |       |       |     4 |    51 |    14 ||    69
 Invoke: Upheaval          |       |       |       |     5 |     1 ||     6
         Elemental Force   |       |       |       |     1 |       ||     1
    Use: Scroll            |       |    11 |     4 |    18 |       ||    33
         Potion            |       |     1 |     6 |    22 |     2 ||    31
   Stab: Invisible         |       |       |     4 |     1 |       ||     5
 Armour: Scale mail        |    36 |       |       |       |       ||    36
         Leather armour    |     4 |    61 |     9 |       |       ||    74
         Steam dragon scal |       |       |   106 |       |       ||   106
         Chain mail        |       |       |    20 |   302 |   301 ||   623
  Dodge: Dodged            |    26 |    59 |   124 |   218 |   152 ||   579
         Repelled          |       |       |       |       |    10 ||    10
  Block: Buckler           |    11 |     6 |       |       |       ||    17
         Kite shield       |       |    39 |   178 |   489 |   610 ||  1316

Table legend: (Time is in decaauts)
 A = Elapsed time spent in this place.
 B = Non-inter-level travel time spent in this place.
 C = Inter-level travel time spent in this place.
 D = Time resting spent in this place.
 E = Time spent auto-exploring this place.
 F = Levels seen in this place.
 G = Mean time per level.
                   A        B        C        D        E       F      G
               +--------+--------+--------+--------+--------+-----+--------+
         Total |  22770 |  21450 |   1320 |   1896 |  15548 |  23 |  990.0 |
       Dungeon |  11502 |  10775 |    727 |    580 |   8033 |  12 |  958.5 |
        Temple |      1 |      0 |      1 |      0 |      0 |   1 |    1.0 |
          Lair |   6437 |   6016 |    421 |     33 |   5199 |   5 | 1287.4 |
         Swamp |   1744 |   1690 |     54 |    454 |    869 |   2 |  872.0 |
  Orcish Mines |   2405 |   2289 |    116 |    634 |   1167 |   2 | 1202.5 |
       Volcano |    678 |    678 |      0 |    195 |    278 |   1 |  678.0 |
               +--------+--------+--------+--------+--------+-----+--------+

Top non-repeatable levels by time:
  Lair:3: 1639 daAuts
 Swamp:1: 1550 daAuts
  Lair:5: 1376 daAuts
   Orc:2: 1345 daAuts
     D:9: 1300 daAuts
     D:8: 1281 daAuts
  Lair:2: 1184 daAuts
    D:11: 1183 daAuts
  Lair:4: 1137 daAuts
     D:6: 1116 daAuts
  Lair:1: 1099 daAuts
   Orc:1: 1060 daAuts
     D:5: 989 daAuts
     D:3: 917 daAuts
    D:12: 857 daAuts
